 Dungeon Crawl Stone Soup version 0.29.1-1-gd02db6906a (webtiles) character file.

Game seed: 14837533309734098120

10 mefromhere the Ruffian (level 2, -4/24 HPs)
             Began as a Ghoul Gladiator on Oct 9, 2022.
             Slain by a gnoll
             ... wielding a +0 halberd
              (10 damage)
             ... on level 2 of the Dungeon.
             The game lasted 00:01:26 (109 turns).

mefromhere the Ruffian (Ghoul Gladiator)             Turns: 109, Time: 00:01:26

Health: -4/24      AC:  4    Str: 17    XL:     2   Next: 20%
Magic:  1/1        EV: 12    Int:  3    God:
Gold:   21         SH:  0    Dex: 10    Spells: 1/1 levels left

rFire   . . .      SeeInvis .     - Unarmed
rCold   + . .      Faith    .   (no shield)
rNeg    + + +      Spirit   .   a - +0 leather armour
rPois   ∞          Reflect  .   b - +0 helmet
rElec   .          Harm     .   (no cloak)
rCorr   .          Rampage  .   (no gloves)
Will    .....                   (no boots)
Stlth   +.........              (no amulet)
HPRegen 0.00/turn               (no ring)
MPRegen 0.07/turn               (no ring)

@: inhibited regen
A: claws 1, cold resistance 1, negative energy resistance 3, inhibited
regeneration, torment resistance 2, devour on kill
a: no special abilities


You were on level 2 of the Dungeon.
You visited 1 branch of the dungeon, and saw 2 of its levels.

You collected 21 gold pieces.

Inventory:

Hand Weapons
 e - a +0 spear
 h - a +0 dagger
 k - a +0 club
 l - a +0 club
Missiles
 c - 3 throwing nets (quivered)
 d - a javelin
 f - 7 stones
Armour
 a - a +0 leather armour (worn)
 b - a +0 helmet (worn)
 g - a +0 cloak
Scrolls
 i - a scroll of enchant armour {unknown}
Potions
 j - 2 potions of invisibility {unknown}


   Skills:
 + Level 2.2 Fighting
 + Level 1.9 Throwing
 + Level 2.8 Dodging
 + Level 3.7 Unarmed Combat


You had one spell level left.
You didn't know any spells.
Your spell library was empty.

Dungeon Overview and Level Annotations

Branches:
Dungeon (2/15)

Altars:


Innate Abilities, Weirdness & Mutations

You are immune to poison.
You have sharp fingernails.
Your flesh is cold resistant. (rC+)
You are immune to negative energy. (rN+++)
You do not regenerate when monsters are visible.
You are immune to unholy pain and torment.
You thrive by killing the living.


Message History

l - a +0 club
Found an amethyst potion.
The jackal barely misses you.
You barely miss the jackal. The jackal barely misses you.
A gnoll comes into view. It is wielding a +0 halberd.
The jackal barely misses you.
You scratch the jackal.
The jackal is moderately wounded.
The jackal barely misses you.
You barely miss the jackal.
The jackal is moderately wounded.
The jackal bites you but does no damage.
You closely miss the jackal.
The jackal is moderately wounded.
The jackal bites you. x2
You barely miss the jackal.
The jackal is moderately wounded.
The jackal bites you but does no damage.
You scratch the jackal.
The jackal is severely wounded.
The jackal barely misses you.
You closely miss the jackal.
The jackal is severely wounded.
The jackal closely misses you.
The jackal bites you but does no damage.
The gnoll closely misses you.
You miss the jackal.
The jackal is severely wounded.
The jackal closely misses you.
You completely miss the jackal.
The jackal is severely wounded.
The gnoll hits you from afar with a +0 halberd!
Ouch! That really hurt!
* * * LOW HITPOINT WARNING * * *
The jackal bites you.
* * * LOW HITPOINT WARNING * * *
You scratch the jackal.
You kill the jackal!
You feel better.
The gnoll hits you from afar with a +0 halberd!
You die...

#.#...#.+#.###.#
#.##.##........#
#.........######
........+.......#
......###.......#
...... .........#
.........#####'##
......... #.#
......... #@#
####+###. #†# #g#
#.# #.# #.# #.#
!.#


You could see a gnoll.

Vanquished Creatures
  A ball python (D:2)
  A giant cockroach (D:1)
  2 hobgoblins
  A jackal (D:2)
  A kobold (D:1)
  A frilled lizard (D:2)
  2 goblins (D:2)
  A rat (D:2)
10 creatures vanquished.

Notes
Turn   | Place    | Note
-------+----------+-------------------------------------------
     0 | D:1      | mefromhere the Ghoul Gladiator began the quest for the Orb.
     0 | D:1      | Reached XP level 1. HP: 17/17 MP: 0/0
    60 | D:2      | Reached XP level 2. HP: 24/24 MP: 1/1
   109 | D:2      | Slain by a gnoll

Illustrated notes

Levels and vault maps discovered:
D:1:      psy_arrival_statuary, layout_basic
D:2:      layout_basic, minmay_split_cup_small

Action                   || total
-------------------------++-------
Melee: Unarmed           ||    26
       Punch             ||     1
Armor: Leather armour    ||     6
Dodge: Dodged            ||    14
